 Dungeon Crawl Stone Soup version bcrawl-1.28.1b (webtiles) character file.

Game seed: 16535488732701952179

137032 KristoblXynda the Slasher (level 4, 0/54 HPs)
             Began as a Draconian Skald on Dec 13, 2020.
             Slain by Sigmund
             ... wielding a +0 scythe
              (5 damage)
             ... on level 3 of the Dungeon.
             The game lasted 00:03:12 (2384 turns).

KristoblXynda the Slasher (Draconian Skald)         Turns: 2384, Time: 00:03:13

Health: 0/54       AC: 22    Str: 21    XL:     4   Next: 94%
Magic:  6/7        EV:  1    Int: 14    God:
Gold:   85         SH:  1    Dex: 11    Spells: 4/7 levels left

rFire    . . .     SeeInvis .   a - +0 long sword
rCold    . . .     Gourm    .   (no shield)
rNeg     + + +     Faith    .   (armour unavailable)
rPois    +         Spirit   .   (helmet currently unavailable)
rElec    .         Reflect  .   (cloak currently unavailable)
rCorr    .         Harm     .   (gloves currently unavailable)
MR       .....     NoTele   +   (boots currently unavailable)
Stlth    +.........             (no amulet)
HPRegen  0.18/turn              o - +3 ring of strength
MPRegen  0.10/turn              (no ring)

@: mighty, tree-form, very slightly contaminated, invisible
A: giant, unfitting armour, AC +5
a: no special abilities


You were on level 3 of the Dungeon.
You were not hungry.
You were a tree.
You visited 1 branch of the dungeon, and saw 3 of its levels.

You collected 85 gold pieces.

Inventory:

Hand Weapons
 a - a +0 long sword (weapon)
Armour
 h - a +0 pair of gloves (melded)
 n - a +0 cloak
Jewellery
 o - a +3 ring of strength (left branch)
Scrolls
 b - a scroll of enchant armour {unknown}
 c - a scroll of fear
 d - 3 scrolls of teleportation {unknown}
 i - a scroll of amnesia {unknown}
 m - a scroll of magic mapping {unknown}
Potions
 l - a potion of haste {unknown}
Comestibles
 e - 4 rations {!d}


   Skills:
 - Level 2.1 Fighting
 * Level 3.9 Long Blades
 + Level 3.0 Dodging
 - Level 2.0 Spellcasting
 + Level 3.4 Charms


You had 4 spell levels left.
You knew the following spells:

 Your Spells              Type           Power        Failure   Level  Hunger
a - Infusion              Chrm           ##......     6%          1    None
b - Song of Slaying       Chrm           ##......     9%          2    ##.....

Your spell library contained the following spells:

 Spells                   Type           Power        Failure   Level  Hunger
 Ozocubu's Armour         Chrm/Ice       #.......     34%         3    ####...
 Regeneration             Chrm/Necr      #.........   34%         3    ####...
 Spectral Weapon          Hex/Chrm       #.......     34%         3    ####...


Dungeon Overview and Level Annotations

Branches:
Dungeon (3/12)

Altars:

Annotations:
D:3 Sigmund


Innate Abilities, Weirdness & Mutations

((Your plain brown scales are hard. (AC +5)))
You cannot fit into any form of body armour.
((You are cold-blooded and may be slowed by cold attacks.))


Message History

Sigmund hits you with a +0 scythe.
* * * LOW HITPOINT WARNING * * *
No path to travel!
Okay, then.
You closely miss Sigmund.
Sigmund is heavily wounded.
You hit Sigmund.
Sigmund is heavily wounded.
Sigmund hits you with a +0 scythe.
* * * LOW HITPOINT WARNING * * *
No path to travel!
It was a potion of might.
You feel very mighty all of a sudden.
Sigmund points at you and mumbles some strange words.
You resist with some effort.
No path to travel!
You slash Sigmund!
Sigmund is almost dead.
Sigmund hits you with a +0 scythe.
You die...

#.##.##....#.#.#.##########
#.##.##....#.#.#.# #
#.##.##....#.#.#.# #
#)#......#.#.#.#.# #
#.######.#.#.#.#.# #
#........†.#...#.##########
########.#######...........
#.#.......#.########
#.#♣#######.# #.#@.....##.#
#.#......##.# #.#......##.#
#.#......##.# #.#......##.#
#.#......##.# #.#......##.#
#.#


You could see Sigmund.

Vanquished Creatures
  A hound (D:2)
  3 adders (D:3)
  2 worms (D:2)
  5 dart slugs
  3 leopard geckos
  An orc (D:2)
  3 ball pythons
  5 bats
  2 giant cockroaches
  2 goblins
  9 hobgoblins
  6 kobolds
  2 quokkas (D:3)
  3 frilled lizards (D:2)
  8 rats
55 creatures vanquished.

Notes
Turn   | Place    | Note
-------+----------+-------------------------------------------
     0 | D:1      | KristoblXynda the Draconian Skald began the quest for the
                  | Orb.
     0 | D:1      | Reached XP level 1. HP: 17/17 MP: 3/3
   186 | D:1      | Reached XP level 2. HP: 21/24 MP: 5/5
   621 | D:1      | Reached XP level 3. HP: 15/29 MP: 6/6
  1085 | D:2      | Reached XP level 4. HP: 24/36 MP: 2/7
  1181 | D:2      | Learned a level 2 spell: Song of Slaying
  2353 | D:3      | Noticed Sigmund
  2384 | D:3      | Slain by Sigmund

Skill      XL: |  1  2  3  4 |
---------------+-------------+-----
Charms         | 3 |  3.4
Long Blades    | 3 |  3.9
Dodging        | 3 |  3.0
Fighting       | |  2.1
Spellcasting   | |  2.0

Action                   |  1- 3 |  4- 6 || total
-------------------------+-------+-------++-------
Melee: Long sword        |    76 |   104 ||   180
       Tailslap          |     9 |     8 ||    17
 Cast: Infusion          |     2 |     2 ||     4
  Use: Potion            |       |     4 ||     4
       Scroll            |       |     1 ||     1
 Stab: Sleeping          |     1 |     1 ||     2
  Eat: Chunk             |     2 |     8 ||    10
Armor: Skin              |    19 |    29 ||    48
Dodge: Dodged            |    56 |    55 ||   111
